 Dungeon Crawl Stone Soup version 0.20.1-1-g8b1a95d (webtiles) character file.

127 slep the Skirmisher (level 4, -3/36 HPs)
             Began as a Demonspawn Wanderer on Oct 21, 2017.
             Killed by divine providence
             ... invoked by an orc priest
              (14 damage)
             ... on level 4 of the Dungeon.
             The game lasted 00:20:49 (3449 turns).

slep the Skirmisher (Demonspawn Wanderer)           Turns: 3449, Time: 00:20:50

Health: -3/36      AC:  5    Str: 13    XL:     4   Next: 85%
Magic:  5/5        EV: 10    Int: 14    God:
Gold:   197        SH:  3    Dex: 12    Spells: 3/3 levels left

rFire    x . .     SeeInvis .   b - +0 short sword
rCold    + . .     Gourm    .   t - +0 buckler
rNeg     . . .     Faith    .   i - +0 ring mail
rPois    .         Spirit   .   (helmet restricted)
rElec    .         Reflect  .   (no cloak)
rCorr    .         Harm     .   (no gloves)
MR       .....                  (no boots)
Stlth    ++........             (no amulet)
Regen    0.2/turn               o - ring of ice
MPRegen  0.1/turn               (no ring)

@: no status effects
A: horns 1, nightstalker 1
a: no special abilities


You were on level 4 of the Dungeon.
You were not hungry.

You visited 1 branch of the dungeon, and saw 4 of its levels.

You collected 197 gold pieces.

Inventory:

Hand Weapons
 b - a +0 short sword (weapon)
 c - a +0 quarterstaff
 p - a +0 spear
 v - a +0 mace of venom
 C - a +3 dagger
Missiles
 j - 2 throwing nets (quivered)
 D - 3 tomahawks
Armour
 d - a +0 robe
 i - a +0 ring mail (worn)
 t - a +0 buckler (worn)
Jewellery
 o - a ring of ice (left hand)
Scrolls
 e - 6 scrolls of enchant weapon {unknown}
 h - 3 scrolls of enchant armour {unknown}
 k - a scroll of blinking {unknown}
 l - 6 scrolls of identify {unknown}
 n - a scroll of noise {unknown}
 s - 2 scrolls of teleportation {unknown}
 u - 2 scrolls of remove curse {unknown}
 w - a scroll of magic mapping {unknown}
 y - 2 scrolls of random uselessness {unknown}
 z - a scroll of recharging {unknown}
 B - a scroll of amnesia {unknown}
Potions
 g - a potion of flight
 x - a potion of curing {unknown}
 A - a potion of invisibility {unknown}
Miscellaneous
 a - a box of beasts
Comestibles
 f - a bread ration
 m - 4 royal jellies
 q - a meat ration


   Skills:
 + Level 3.6 Fighting
 + Level 2.0 Short Blades
 + Level 1.0(2.1) Polearms
 + Level 3.0(3.1) Staves
 + Level 1.1 Armour
 + Level 1.5 Dodging
 + Level 0.8 Stealth
 + Level 0.3 Shields
 + Level 2.2 Evocations


You had 3 spell levels left.
You didn't know any spells.

Dungeon Overview and Level Annotations

Branches:
Dungeon (4/15)
 Temple: D:4-7

Altars:


Innate Abilities, Weirdness & Mutations

You have a pair of small horns on your head.
You are slightly more attuned to the shadows.


Message History

The orc hits you with a flail.
You barely miss the orc. You block the orc's attack.
Your ring mail prevents you from hitting the orc.
You headbutt the orc, but do no damage.
The orc priest mumbles some strange prayers to Beogh against you.
Beogh smites you!
You hit the orc but do no damage. Your headbutt misses the orc.
The orc hits you with a flail.
You barely miss the orc. The orc closely misses you.
You hit the orc but do no damage. The orc hits you but does no damage.
All of the chunks of flesh in your inventory have rotted away.
You hit the orc but do no damage. You headbutt the orc, but do no damage.
The orc closely misses you.
You barely miss the orc. You headbutt the orc, but do no damage.
The orc priest casts a cantrip, but nothing happens.
The orc hits you with a flail!
You barely miss the orc. You headbutt the orc, but do no damage.
The orc priest invokes the aid of Beogh against you.
Beogh smites you!
You die...

#.##.# #.##.#
#.##.# #.##.#
#.# #.##.# #.#
#.##.# #.#
#.##.# #.######
#.# #.##.#
#ooZo@(# #(#
#<##.#
...oo###.#
##.#######.#
.... #.#
#..........# .?.
#.###.##########
.. #.....# .
##<...# ######


You could see an orc priest, 4 orcs and a jackal skeleton.

Vanquished Creatures
  A hound skeleton (D:4)
  3 adders
  2 worms (D:2)
  3 dart slugs (D:1)
  5 leopard geckos
  An orc (D:3)
  2 giant cockroaches
  8 goblins
  3 hobgoblins
  13 kobolds
  2 quokkas
  11 bats
  9 frilled lizards
  13 rats
76 creatures vanquished.

Notes
Turn   | Place    | Note
-------+----------+-------------------------------------------
     0 | D:1      | slep the Demonspawn Wanderer began the quest for the Orb.
     0 | D:1      | slep set off with: a box of beasts, a +0 short sword, a +0 quarterstaff, a +0 robe, a bread ration
     0 | D:1      | Reached XP level 1. HP: 18/18 MP: 2/2
   126 | D:1      | Gained mutation: You are slightly more attuned to the shadows. [demonic ancestry]
   126 | D:1      | Reached XP level 2. HP: 24/24 MP: 3/3
   869 | D:1      | Gained mutation: You have a pair of small horns on your head. [demonic ancestry]
   869 | D:1      | Reached XP level 3. HP: 26/29 MP: 4/4
  1489 | D:2      | Reached skill level 1 in Short Blades
  2283 | D:2      | Reached XP level 4. HP: 36/36 MP: 5/5
  2589 | D:3      | Reached skill level 1 in Armour
  3449 | D:4      | Killed from afar by an orc priest

Skill      XL: |  1  2  3  4 |
---------------+-------------+-----
Staves         | 3 |  3.0
Short Blades   | 1 2 |  2.0
Armour         | 1 |  1.1
Fighting       | |  3.6
Polearms       | |  1.0
Dodging        | |  1.5
Stealth        | |  0.8
Shields        | |  0.3
Evocations     | |  2.2

Action                   |  1- 3 |  4- 6 || total
-------------------------+-------+-------++-------
Melee: Short sword       |   160 |   116 ||   276
       Headbutt          |    10 |    22 ||    32
  Use: Potion            |     3 |       ||     3
 Stab: Sleeping          |     7 |     1 ||     8
  Eat: Chunk             |     4 |     4 ||     8
Armor: Robe              |    12 |       ||    12
       Ring mail         |    41 |    40 ||    81
Dodge: Dodged            |    87 |    34 ||   121
Block: Buckler           |     5 |    14 ||    19
